 Dungeon Crawl Stone Soup version 0.30-b1-2-g02819fbbbe (webtiles) character file.

Game seed: 8773515110747413089

15269 Flugkiller the Fighter (level 11, -7/104 HPs)
             Began as a Minotaur Fighter on May 9, 2023.
             Was an Elder of Cheibriados.
             Mangled by a minotaur
             ... wielding a +1 heavy battleaxe
              (11 damage)
             ... in a Gauntlet.
             The game lasted 00:06:51 (10348 turns).

Flugkiller the Fighter (Minotaur Fighter)          Turns: 10348, Time: 00:06:52

Health: -7/104     AC: 20    Str: 35    XL:     11   Next: 99%
Magic:  15/15      EV:  9    Int: 14    God:    Cheibriados [****..]
Gold:   1277       SH: 14    Dex: 18    Spells: 10/10 levels left

rFire   . . .        n - +0 broad axe
rCold   + . .        H - +2 buckler
rNeg    . . .        K - +1 chain mail
rPois   +            F - +2 hat {Stlth+}
rElec   .            (no cloak)
rCorr   .            x - +0 pair of gloves
SInv    .            f - +2 pair of boots
Will    .....        G - amulet of reflection Stlth
                     L - ring "Mauhac" {rPois rC+}
HPRegen 0.37/turn    j - +4 ring of slaying
MPRegen 0.14/turn

%: no teleportation, reflection
@: invisible, very slow
A: horns 2, retaliatory headbutt
a: Renounce Religion, Bend Time, Temporal Distortion, Slouch


You were in a Gauntlet.
You worshipped Cheibriados.
Cheibriados was greatly pleased with you.
You visited 1 branch of the dungeon, and saw 11 of its levels.
You also visited: Sewer, Ossuary, Bailey and Gauntlet.

You collected 1277 gold pieces.

Inventory:

Hand Weapons
 a - a +0 war axe
 b - a +0 whip of distortion
   (You took it off an orc on level 5 of the Dungeon)
 n - a +0 broad axe (weapon)
   (You took it off an orc warrior in a bailey)
 D - a +2 battleaxe
   (You took it off a wight on level 7 of the Dungeon)
Armour
 f - a +2 pair of boots (worn)
   (You found it on level 5 of the Dungeon)
 m - the +0 hat of Xuxkas {+Blink +Inv rCorr}
   (You found it in a Gauntlet)

   +Inv:      It lets you turn invisible.
   +Blink:    It lets you blink.
   rCorr:     It protects you from acid and corrosion.
 w - the +0 pair of gloves of the Boiling Point {rCorr}
   (You found it in a Gauntlet)

   rCorr:     It protects you from acid and corrosion.
 x - a +0 pair of gloves (worn)
   (You found it on level 5 of the Dungeon)
 E - a +0 plate armour
   (You took it off an orc warrior in a bailey)
 F - a +2 hat of stealth (worn)
   (You took it off Gastronok on level 8 of the Dungeon)
 H - a +2 buckler (worn)
   (You found it on level 9 of the Dungeon)
 K - a +1 chain mail (worn)
   (You found it on level 2 of the Dungeon)
Jewellery
 c - a ring of protection from cold
   (You found it on level 6 of the Dungeon)
 j - a +4 ring of slaying (right hand)
   (You found it on level 2 of the Dungeon)
 k - a ring of resist corrosion
   (You found it on level 2 of the Dungeon)
 r - an amulet of guardian spirit
   (You found it in a Gauntlet)
 G - an amulet of reflection (around neck)
   (You found it on level 5 of the Dungeon)
 L - the ring "Mauhac" (left hand) {rPois rC+}
   (You found it on level 9 of the Dungeon)

   [ring of poison resistance]

   rC:        It protects you from cold.
   rPois:     It protects you from poison.
 M - the ring of Hisot {rElec rCorr}
   (You found it on level 9 of the Dungeon)

   [ring of resist corrosion]

   rElec:     It insulates you from electricity.
   rCorr:     It protects you from acid and corrosion.
Wands
 v - a wand of light (26)
   (You found it on level 6 of the Dungeon)
 A - a wand of charming (8)
   (You found it on level 7 of the Dungeon)
 N - a wand of mindburst (5)
   (You found it on level 11 of the Dungeon)
Scrolls
 g - 2 scrolls of fog
 l - 2 scrolls of magic mapping
 s - 3 scrolls of enchant weapon
 t - 6 scrolls of teleportation
 u - 2 scrolls of fear
 y - a scroll of immolation
 z - a scroll of blinking
 C - 2 scrolls of vulnerability
 I - a scroll of amnesia
Potions
 d - 3 potions of might
 e - a potion of magic
 h - 2 potions of haste
 i - 2 potions of cancellation
 o - 2 potions of ambrosia
 p - 5 potions of lignification
 q - 6 potions of curing
 B - 4 potions of invisibility
 J - a potion of mutation {unknown}


   Skills:
 * Level 11.9 Fighting
 * Level 11.8 Axes
 * Level 11.9 Armour
 + Level 9.0 Shields
 * Level 6.7 Invocations
 - Level 4.0 Evocations


You had 10 spell levels left.
You didn't know any spells.
Your spell library was empty.

Dungeon Overview and Level Annotations

Branches:
Dungeon (12/15)            Temple (0/1) D:7           Sewer (visited)
Ossuary (visited)          Bailey (visited)         Gauntlet (1/1)
   Lair: D:8-11         Orc: D:9-12

Altars:
Ashenzari
Cheibriados
Nemelex Xobeh
Okawaru
Qazlal
Zin
The Shining One

Annotations:
Gauntlet 8 transporters


Innate Abilities, Weirdness & Mutations

You have a pair of horns on your head.
You reflexively headbutt those who attack you in melee.


Message History

Cheibriados thoroughly appreciates the change of pace.
Cheibriados lowers the support of your attributes as your movement quickens.
Unknown command.
You see here a hell hound corpse.
You see here the +0 hat of Xuxkas {+Blink +Inv rCorr}.
m - the +0 hat of Xuxkas {+Blink +Inv rCorr} The death yak bellows!
r - an amulet of guardian spirit The death yak bellows! x2
There is a transporter here.
The hell hound barks!
The hell hound stops to sniff the ground.
w - a red potion You start resting.
You feel yourself speed up.
You start resting.
You recover from your berserk rage.
You start resting.
Magic restored.
You start resting.
The hell hound stops to sniff the ground. x2
The hell hound pauses to sniff the ground.
The hell hound stops to sniff the ground. x3
The hell hound pauses to sniff the ground.
HP restored.
Okay, then.
There is a transporter here.
You enter the transporter and appear at another place.
The hell hound pauses to sniff the ground.
There is a transporter here.
It was a potion of resistance.
You feel protected.
Okay, then.
You enter the transporter and appear at another place.
The hell hound pauses to sniff the ground.
You can feel time thicken for a moment.
You kill the hell hound!
Cheibriados thoroughly appreciates the change of pace.
You kill the hell hound!
Cheibriados appreciates the change of pace.
The balrug gestures at you. Something smites you!
You block the balrug's attack.
You hit the balrug. Your headbutt misses the balrug.
The balrug is heavily wounded.
You block the balrug's attack. The balrug gestures at you.
The sticky flame hits you. You resist.
You are covered in liquid flames!
You slice the balrug!! Your headbutt misses the balrug.
The balrug is severely wounded.
You are covered in liquid flames!
The balrug gestures at you.
You block sticky flame... and reflect it back!
The sticky flame hits the balrug.
The balrug completely resists.
The balrug is covered in liquid flames!
You slice the balrug!!
You kill the balrug!
Cheibriados thoroughly appreciates the change of pace.
You are covered in liquid flames!
You are no longer on fire.
Your Shields skill increases to level 9!
No target in view!
No target in view!
You see here a +2 demon whip of freezing.
You see here the +0 pair of gloves of the Boiling Point {rCorr}.
g - 2 scrolls of fog (gained 1)
You see here the +0 pair of gloves of the Boiling Point {rCorr}.
w - the +0 pair of gloves of the Boiling Point {rCorr}
There is a transporter here.
You enter the transporter and appear at another place.
You start to feel less resistant.
Your resistance to elements expires.
Magic restored.
You open the door.
A minotaur comes into view. It is wielding a +1 heavy battleaxe.
The minotaur bellows!
Found four items.
You fade into invisibility!
The minotaur throws a javelin.
The javelin barely misses you.
You barely miss the minotaur. You headbutt the minotaur.
The minotaur is lightly wounded.
The minotaur drinks a potion.
The minotaur seems to grow stronger.
You slash the minotaur!
The minotaur is lightly wounded.
The minotaur hits you with a +1 heavy battleaxe!!
You block the minotaur's attack.
You strike the helpless minotaur from behind!
You hit the minotaur. You headbutt the minotaur!
The minotaur is moderately wounded.
You block the minotaur's attack. The minotaur gores you!
You slash the minotaur!
The minotaur is heavily wounded.
You slash the minotaur!
The minotaur is heavily wounded.
The minotaur hits you with a +1 heavy battleaxe!!!
Ouch! That really hurt!
* * * LOW HITPOINT WARNING * * *
The minotaur gores you!
You die...

#:.)# #8.8# ####/.[####
###8.#8.8#.8### #....#...#....#
#.#..#8.8#..#.# #.#..##H##..#.#
#.....@.......# #.#.##.#.##.#.#
#.#....#....#.# #.#.#######.#.#
#.............# ##...©.©.©...##
#############..8.8.8..###########
#≈#≈#≈#≈#§####.......####≈#≈#≈#≈#
...........#§#########≈#..§......


You could see a minotaur (strong, unable to see you).

Vanquished Creatures
  Gastronok (D:8)
  A balrug (Gauntlet)
  A centaur warrior (D:9)
  A hell hog (Gauntlet)
  An orc knight (Bailey)
  2 deep elf pyromancers
  A cyclops (D:9)
  A kobold demonologist (D:9)
  A troll (D:9)
  Sigmund (D:5)
  2 shadows (D:9)
  4 wyverns (D:9)
  18 yaks
  3 fire bats (Gauntlet)
  2 steam dragons
  A basilisk (D:12)
  Eustachio (D:5)
  Menkaure (D:5)
  An acid dragon (D:9)
  5 hell hounds (Gauntlet)
  2 water moccasins
  8 orc warriors
  2 black bears
  A sky beast (D:6)
  Pargi (Sewer)
  3 centaurs
  2 ogres (D:4)
  2 phantoms
  8 kobold brigands
  An elf zombie (Ossuary)
  5 bullfrogs
  3 scorpions
  2 gnoll sergeants (D:9)
  8 wights
  8 killer bees (D:9)
  5 howler monkeys
  A centaur zombie (Ossuary)
  3 hounds
  2 human zombies (Ossuary)
  4 orc priests
  A sleepcap (D:7)
  A gnoll bouda (D:8)
  2 iguanas
  9 orc wizards
  2 human simulacra (D:9)
  2 mummies (Ossuary)
  Robin (D:2)
  14 gnolls
  5 adders
  A river rat (D:3)
  3 white imps
  A howler monkey simulacrum (D:9)
  An ufetubus (D:5)
  5 worms
  5 dart slugs
  47 orcs
  2 ball pythons
  6 bats
  8 endoplasms
  4 giant cockroaches
  15 goblins
  12 hobgoblins
  33 kobolds
  4 quokkas
  5 frilled lizards
  3 goblin zombies (Ossuary)
  8 hobgoblin zombies (Ossuary)
  A jackal zombie (Ossuary)
  8 kobold zombies (Ossuary)
  11 orc zombies (Ossuary)
  11 rats
  A rat zombie (Ossuary)
352 creatures vanquished.

Vanquished Creatures (others)
  2 plants (D:1)
  26 withered plants (Gauntlet)
28 creatures vanquished.

Grand Total: 380 creatures vanquished

Notes
Turn   | Place    | Note
-------+----------+-------------------------------------------
     0 | D:1      | Flugkiller the Minotaur Fighter began the quest for the
                  | Orb.
     0 | D:1      | Reached XP level 1. HP: 19/19 MP: 0/0
    76 | D:1      | Reached XP level 2. HP: 27/27 MP: 1/1
   630 | D:1      | Reached XP level 3. HP: 32/33 MP: 2/2
   978 | D:2      | Identified the +2 leather armour of Leapfrog {rN++ Dex+2}
  1224 | D:2      | Noticed Robin
  1239 | D:2      | Killed Robin
  1240 | D:2      | Reached XP level 4. HP: 24/40 MP: 3/3
  2222 | D:3      | Reached XP level 5. HP: 45/47 MP: 4/4
  2227 | D:3      | Found a glowing drain.
  2235 | Sewer    | Entered a sewer
  2291 | Sewer    | Noticed Pargi
  2296 | Sewer    | Killed Pargi
  2297 | Sewer    | Reached skill level 5 in Fighting
  2297 | Sewer    | Reached skill level 5 in Armour
  2478 | D:3      | Found a faded altar of an unknown god.
  2656 | D:3      | Reached XP level 6. HP: 53/56 MP: 5/5
  3069 | D:4      | Found a glowing silver altar of Zin.
  3122 | D:4      | Reached skill level 5 in Axes
  3301 | D:4      | Reached XP level 7. HP: 62/62 MP: 6/6
  3305 | D:4      | Reached skill level 5 in Shields
  3516 | D:4      | HP: 1/62 [ogre/+0 giant spiked club (35)]
  3797 | D:5      | Entered Level 5 of the Dungeon
  3801 | D:5      | Noticed Sigmund
  3809 | D:5      | Killed Sigmund
  3938 | D:5      | Identified the +1 robe of Charity {Int+2}
  3982 | D:5      | Noticed Eustachio
  4014 | D:5      | Killed Eustachio
  4090 | D:5      | Reached XP level 8. HP: 71/71 MP: 7/7
  4118 | D:5      | Noticed Menkaure
  4123 | D:5      | Killed Menkaure
  4360 | D:5      | Found an iron altar of Okawaru.
  4390 | D:5      | Found a sparkling altar of Nemelex Xobeh.
  4541 | D:5      | Found a broken altar of Ashenzari.
  4545 | D:5      | Saw a vision of the Shoals and the Snake Pit.
  4545 | D:5      | Noticed an anaconda
  4545 | D:5      | Noticed a black mamba
  4545 | D:5      | Noticed a black mamba
  4545 | D:5      | Noticed a naga mage
  4545 | D:5      | Noticed a shock serpent
  4545 | D:5      | Noticed a harpy
  4545 | D:5      | Noticed a wind drake
  4545 | D:5      | Noticed a merfolk siren
  4545 | D:5      | Noticed a merfolk
  4545 | D:5      | Noticed a skyshark
  4545 | D:5      | Noticed a wind drake
  4545 | D:5      | Noticed a merfolk avatar
  4545 | D:5      | Noticed a merfolk
  4545 | D:5      | Noticed a merfolk
  4545 | D:5      | Noticed a sea snake
  4546 | D:5      | Noticed a black mamba
  4546 | D:5      | Noticed an anaconda
  4546 | D:5      | Noticed an anaconda
  4547 | D:5      | Noticed a naga sharpshooter
  4547 | D:5      | Noticed a black mamba
  4547 | D:5      | Noticed a merfolk impaler
  4548 | D:5      | Noticed a shock serpent
  4548 | D:5      | Noticed a naga sharpshooter
  4548 | D:5      | Noticed a naga warrior
  4993 | D:6      | Reached XP level 9. HP: 78/81 MP: 8/8
  5386 | D:6      | Found a glowing golden altar of the Shining One.
  5744 | D:7      | Found a sand-covered staircase.
  5750 | Ossuary  | Entered an ossuary
  5989 | D:7      | Found a snail-covered altar of Cheibriados.
  6102 | D:7      | Became a worshipper of Cheibriados the Contemplative
  6116 | D:7      | Found a stormy altar of Qazlal.
  6141 | D:7      | Reached skill level 1 in Evocations
  6157 | D:7      | Reached skill level 1 in Invocations
  6177 | D:7      | Found a staircase to the Ecumenical Temple.
  6804 | D:8      | Found a flagged portal.
  6810 | Bailey   | Entered a bailey
  6819 | Bailey   | Reached * piety under Cheibriados
  7040 | Bailey   | Noticed an orc knight
  7041 | Bailey   | Found a burning altar of Makhleb.
  7048 | Bailey   | Reached XP level 10. HP: 56/91 MP: 9/11
  7055 | Bailey   | Killed an orc knight
  7477 | D:8      | Noticed Gastronok
  7492 | D:8      | Killed Gastronok
  7493 | D:8      | Reached skill level 10 in Fighting
  7493 | D:8      | Reached skill level 10 in Armour
  7813 | D:8      | Found a runed translucent door.
  7822 | D:8      | Reached skill level 10 in Axes
  8234 | D:8      | Reached ** piety under Cheibriados
  8488 | D:9      | Reached XP level 11. HP: 75/101 MP: 13/13
  8494 | D:9      | Reached *** piety under Cheibriados
  8586 | D:9      | Reached skill level 5 in Invocations
  8673 | D:9      | Noticed a deep elf pyromancer
  8677 | D:9      | Killed a deep elf pyromancer
  8929 | D:9      | Reached **** piety under Cheibriados
  9106 | D:9      | Noticed a centaur warrior
  9116 | D:9      | Killed a centaur warrior
  9131 | D:9      | Found the +10 morningstar "Eos" {elec, Halo rElec}
  9144 | D:9      | Identified the ring "Mauhac" {rPois rC+}
  9146 | D:9      | Identified the +3 whip "Ateazas" {heavy, MP+9}
  9147 | D:9      | Identified the staff of air "Ategin" {rElec Str+2}
  9148 | D:9      | Identified the +10 flail of Watchfulness {flame, Dex+2}
  9150 | D:9      | Identified the ring of Hisot {rElec rCorr}
  9677 | D:9      | You fall into a shaft and drop 3 floors!
  9714 | D:12     | Noticed a deep elf pyromancer
  9720 | D:12     | Killed a deep elf pyromancer
  9809 | D:11     | Reached ***** piety under Cheibriados
  9830 | D:11     | Found a gate leading to a gauntlet.
  9835 | Gauntlet | Entered a Gauntlet
  9835 | Gauntlet | Found a transporter.
  9838 | Gauntlet | Noticed a death yak
  9840 | Gauntlet | Noticed a hell hog
  9841 | Gauntlet | Noticed a death yak
  9844 | Gauntlet | Noticed a death yak
  9844 | Gauntlet | Noticed a death yak
  9845 | Gauntlet | Noticed a death yak
  9848 | Gauntlet | Noticed a necromancer
  9871 | Gauntlet | Found a transporter.
  9875 | Gauntlet | Found a transporter.
  9878 | Gauntlet | Found a transporter.
  9878 | Gauntlet | Found a transporter.
  9879 | Gauntlet | Found a transporter.
  9881 | Gauntlet | Noticed a balrug
  9887 | Gauntlet | Noticed a death scarab
  9888 | Gauntlet | Found a transporter.
  9888 | Gauntlet | Found a transporter.
  9888 | Gauntlet | Noticed a death scarab
  9908 | Gauntlet | Found a transporter.
  9928 | Gauntlet | Found a transporter.
  9932 | Gauntlet | Found a transporter.
  9932 | Gauntlet | Noticed a large abomination
  9943 | Gauntlet | Found a transporter.
 10071 | Gauntlet | Killed a hell hog
 10084 | Gauntlet | Identified the +0 hat of Xuxkas {+Blink +Inv rCorr}
 10285 | Gauntlet | Killed a balrug
 10292 | Gauntlet | Identified the +0 pair of gloves of the Boiling Point
                  | {rCorr}
 10341 | Gauntlet | Noticed a minotaur
 10348 | Gauntlet | HP: 4/104 [minotaur/+1 heavy battleaxe (57)]
 10348 | Gauntlet | Mangled by a minotaur

Illustrated notes

Levels and vault maps discovered:
D:1:      erik_arrival_orb_chamber, layout_loops_ring, serial_forest,
          infiniplex_forest_clump_double, infiniplex_forest_side_room,
          infiniplex_forest_lined_room_2, infiniplex_forest_lined_3,
          infiniplex_forest_lined_ring, infiniplex_forest_fountain,
          infiniplex_forest_lined_room_2, infiniplex_forest_lined_ring,
          infiniplex_forest_split, st_stairs_3
D:2:      minmay_inner_zag, layout_loops_ring, uniq_robin
D:3:      layout_loops_ring, lightli_sewer_entry_pipes,
          shapermc_ecumenical_altar_mp_vishouse
D:4:      kennysheep_spiral_hall, layout_loops_ring, zin_academy,
          minmay_misc_feat_nine_boxes, amcnicky_mini_rare_corridor_liquid
D:5:      layout_basic, grunt_ashenzari_visionary
          [grunt_ashenzari_visionary_shoals, grunt_ashenzari_visionary_snake],
          mainiacjoe_overflow_two_lobes, uniq_sigmund, uniq_menkaure,
          uniq_eustachio
D:6:      layout_cave_pools, tso_oasis_becter
D:7:      minmay_evil_eye, layout_loops_corners, mainiacjoe_overflow_paths,
          kennysheep_mini, minmay_temple_entry_mini_moons,
          nicolae_ossuary_entry_plus
D:8:      layout_loops_ring, enter_bailey_3, lightli_church_of_beogh,
          uniq_gastronok
D:9:      minmay_the_grid_octo_triangle [minmay_the_grid_octo_fat_diamond,
          minmay_the_grid_octo_prize_ultimate_mussel_roller,
          minmay_the_grid_octo_clover], layout_basic, bh_circular_ruins
D:11:     layout_roguey, gauntlet_entry_generic, kennysheep_another_room,
          nzn_wu_jian_contemplation
D:12:     layout_small_grid, david_orc_3, serial_nicolae_subway,
          nicolae_sub_station_metal, nicolae_sub_station_stone,
          nicolae_sub_station_crystal
Gauntlet: minmay_gauntlet_mixed_oops_all_seconds
          [minmay_gauntlet_arena_77_braids, gammafunk_gauntlet_arena_hedges,
          minmay_gauntlet_arena_77_squiggly, gammafunk_gauntlet_arena_open,
          minmay_gauntlet_arena_77_two_paths, gammafunk_gauntlet_arena_mazey,
          nicolae_gauntlet_exit_dead_adventurers]

Skill      XL: |  1  2  3  4  5  6  7  8  9 10 11 |
---------------+----------------------------------+-----
Axes           | 3 4 5 6 8 9 10 11 | 11.8
Fighting       | 4 5 6 8 9 10 11 | 11.9
Armour         | 4 5 6 8 9 10 11 | 11.9
Shields        | 4 5 6 7 8 9 |  9.0
Evocations     | 1 3 4 |  4.0
Invocations    | 2 4 6 |  6.7

Action                     |  1- 3 |  4- 6 |  7- 9 | 10-12 || total
---------------------------+-------+-------+-------+-------++-------
  Melee: War axe           |    93 |    93 |   277 |       ||   463
         Headbutt          |     9 |    14 |    53 |    49 ||   125
         Broad axe         |       |       |     6 |   250 ||   256
 Invoke: Slouch            |       |       |       |     3 ||     3
    Use: Scroll            |       |     8 |    10 |     7 ||    25
         Potion            |       |       |     1 |     5 ||     6
   Stab: Invisible         |       |       |       |     1 ||     1
 Armour: Scale mail        |    31 |       |       |       ||    31
         Chain mail        |    19 |    41 |   120 |   113 ||   293
  Dodge: Dodged            |    43 |    34 |    81 |    70 ||   228
  Block: Buckler           |    17 |    17 |   132 |   173 ||   339
         Reflection        |       |       |    10 |     7 ||    17
